 Dungeon Crawl Stone Soup version 0.17.0-56-gd8de76c (webtiles) character file.

57 ventricule the Twirler (level 3, -2/26 HPs)
             Began as a High Elf Wanderer on Dec 5, 2015.
             Slain by an iron imp (7 damage)
             ... summoned by Natasha
             ... on level 3 of the Dungeon.
             The game lasted 00:02:36 (2052 turns).

ventricule the Twirler (High Elf Wanderer)          Turns: 2052, Time: 00:02:36

Health: -2/26      AC:  3    Str: 10    XL:     3   Next: 73%
Magic:  4/4        EV: 11    Int: 17    God:
Gold:   23         SH:  0    Dex: 15    Spells: 0 memorised, 2 levels left

rFire  . . .     SeeInvis .     d - +0 quarterstaff
rCold  . . .     Clarity  .     a - +0 leather armour
rNeg   . . .     SustAt   .     (shield currently unavailable)
rPois  .         Gourm    .     (no helmet)
rElec  .         Spirit   .     (no cloak)
rCorr  .         Warding  .     (no gloves)
rMut   .         Stasis   .     (no boots)
MR     .....                    (no amulet)
Stlth  ++........               (no ring)
                                (no ring)

@: not resistant to hostile enchantments, unstealthy
A: no striking features
a: no special abilities


You were on level 3 of the Dungeon.
You were not hungry.

You visited 1 branch of the dungeon, and saw 3 of its levels.

You collected 23 gold pieces.


   Skills:
 - Level 3.0 Fighting
 + Level 3.7 Staves
 - Level 1.0 Armour
 - Level 1.1 Dodging
 - Level 3.2 Stealth
   Level 1.0 Shields


You had 2 spell levels left.
You didn't know any spells.

Inventory:

Hand Weapons
 d - a +0 quarterstaff (weapon)
 e - a +0 dagger
Missiles
 b - 5 throwing nets {=f}
Armour
 a - a +0 leather armour (worn)
Scrolls
 g - a scroll of magic mapping {unknown}
 h - a scroll of random uselessness {unknown}
 i - a scroll of noise {unknown}
 j - a scroll of enchant weapon {unknown}
 l - a scroll of identify {unknown}
Potions
 c - a potion of lignification {!q}
 k - a potion of mutation {unknown}
 m - a potion of agility {unknown}
 o - 2 potions of curing {unknown}
Comestibles
 f - 3 bread rations
 n - a meat ration

Dungeon Overview and Level Annotations

Branches:
Dungeon (3/15)

Altars:
Ru
Vehumet

Annotations:
D:3 Natasha

....... ▒)▒ ...........
.......▒▒.▒ .......▒▒.▒
......▒▒.▒ ......▒▒.▒▒▒▒
▒.......▒ ▒.5.....▒
..▒▒he.....▒
.......5......▒
o.............▒
........▒▒.▒▒▒▒▒▒▒▒▒▒
........▒▒...)......▒
▒▒▒▒▒▒.▒▒▒.▒▒▒▒▒▒▒▒.▒▒▒▒▒
▒. ▒.▒ ▒.▒...▒ ▒▒ ▒.▒
▒.▒.▒.▒ ▒.▒ ▒.▒.▒.▒


You could see an iron imp, Natasha and a white imp.


Message History

The white imp gestures at you. The puff of frost misses you.
You miss Natasha.
Natasha is moderately wounded.
Natasha claws you.
The white imp hits you but does no damage.
You hit Natasha.
Natasha is heavily wounded.
Natasha mumbles some strange words.
The white imp gestures at you. The puff of frost hits you!
* * * LOW HITPOINT WARNING * * *
You hit Natasha.
Natasha is severely wounded.
Natasha completely misses you. The white imp gestures at you.
The puff of frost misses you.
You hit Natasha.
Natasha is severely wounded.
Natasha howls an incantation.
You feel troubled. Natasha casts a spell at you. The magic dart hits you!
* * * LOW HITPOINT WARNING * * *
The white imp hits you but does no damage.
You hit Natasha.
Natasha is almost dead.
Natasha casts a spell at you. You resist with some effort.
The white imp closely misses you. The iron imp hits you!
You die...

Action                   || total
-------------------------++-------
Melee: Quarterstaff      ||   114
 Stab: Sleeping          ||     7
  Eat: Chunk             ||     4

Vault maps used:
D:1:      moated_graveyard_arrival, serial_forest, infiniplex_forest_diagonal,
          infiniplex_forest_end_2, infiniplex_forest_end_3,
          infiniplex_forest_lined_4_way, infiniplex_forest_lined_4_way,
          infiniplex_forest_clump_small, infiniplex_forest_side_room,
          infiniplex_forest_lined_2
D:2:      vehumet_crystals, nicolae_ru_sacrificial_ziggurat
D:3:      overflow_temple_1_default, first_bread, minmay_misc_feat_more_columns,
          columned_hall_lemuel, uniq_natasha

Notes
Turn   | Place    | Note
--------------------------------------------------------------
     0 | D:1      | ventricule the High Elf Wanderer began the quest for the Orb.
     0 | D:1      | ventricule set off with: a +0 leather armour, 4 throwing nets {=f}, a potion of lignification {!q}, a +0 quarterstaff, a +0 dagger, a bread ration
     0 | D:1      | Reached XP level 1. HP: 16/16 MP: 2/2
   155 | D:1      | Reached skill level 2 in Staves
   495 | D:1      | Reached XP level 2. HP: 21/21 MP: 3/3
  1048 | D:2      | Reached skill level 3 in Staves
  1048 | D:2      | Reached XP level 3. HP: 26/26 MP: 4/4
  1181 | D:2      | Found a sacrificial altar of Ru.
  1859 | D:2      | Found a radiant altar of Vehumet.
  2041 | D:3      | Noticed Natasha
  2052 | D:3      | Slain by an iron imp

Vanquished Creatures
  An adder (D:2)
  A ball python (D:1)
  9 hobgoblins
  5 bats
  5 giant newts
  6 goblins
  10 jackals
  6 kobolds
  A rat (D:2)
44 creatures vanquished.
